 Dungeon Crawl Stone Soup version 0.21-a0-81-gc5150db (webtiles) character file.

32 qandnotyew the Bolt Thrower (level 3, -7/30 HPs)
             Began as a Ghoul Hunter on June 23, 2017.
             Mangled by a gnoll
             ... wielding a +0 flail
              (11 damage)
             ... on level 1 of the Dungeon.
             The game lasted 00:01:55 (1431 turns).

qandnotyew the Bolt Thrower (Ghoul Hunter)          Turns: 1431, Time: 00:01:56

Health: -7/30      AC:  3    Str: 16    XL:     3   Next: 25%
Magic:  2/2        EV: 12    Int:  6    God:
Gold:   53         SH:  0    Dex: 11    Spells: 2/2 levels left

rFire    . . .     SeeInvis .   k - -1 hand axe (curse)
rCold    + . .     Gourm    .   (no shield)
rNeg     + + +     Faith    .   c - +0 leather armour
rPois    ∞         Spirit   .   (no helmet)
rElec    .         Reflect  .   (no cloak)
rCorr    .         Harm     .   (no gloves)
MR       .....                  (no boots)
Stlth    +.........             (no amulet)
HPRegen  0.00/turn              j - +2 ring of dexterity
MPRegen  0.08/turn              (no ring)

@: rotting
A: rotting body, claws 1, carnivore 3, cold resistance 1, negative energy
resistance 3, inhibited regeneration, torment resistance, unbreathing
a: no special abilities


You were on level 1 of the Dungeon.
You were not hungry.

You visited 1 branch of the dungeon, and saw 2 of its levels.

You collected 53 gold pieces.

Inventory:

Hand Weapons
 a - a +1 hand crossbow
 b - a +0 short sword
 k - a cursed -1 hand axe (weapon)
Missiles
 d - 20 bolts
Armour
 c - a +0 leather armour (worn)
Jewellery
 j - a +2 ring of dexterity (left claw)
Scrolls
 e - 3 scrolls of identify
Potions
 h - a potion of flight
 i - 3 potions of curing
Comestibles
 f - a meat ration
 g - a royal jelly
 l - a chunk of flesh


   Skills:
 + Level 2.5 Fighting
 * Level 1.0 Axes
 - Level 3.8 Crossbows
 + Level 2.4 Dodging
 - Level 1.1 Stealth


You had 2 spell levels left.
You didn't know any spells.

Dungeon Overview and Level Annotations

Branches:
Dungeon (2/15)

Altars:
Uskayaw


Innate Abilities, Weirdness & Mutations

Your body is rotting away.
You thrive on raw meat.
You are immune to poison.
You have sharp fingernails.
You are carnivorous and can eat meat at any time.
Your flesh is cold resistant. (rC+)
You are immune to negative energy. (rN+++)
You do not regenerate when monsters are visible.
You are immune to unholy pain and torment.
You can survive without breathing.


Message History

You slash the gnoll!
You kill the gnoll!
Your Axes skill increases to level 1!
You have reached level 3!
Your experience leads to an increase in your attributes!
Your base attributes are Str 15, Int 6, Dex 9.
Increase (S)trength, (I)ntelligence, or (D)exterity?
You feel stronger.
You see here a leather armour.
There is a stone staircase leading up here.
The gnoll hits you with a flail.
* * * LOW HITPOINT WARNING * * *
You climb upwards.
There is a stone staircase leading down here.
Unknown command.
Unknown command.
You hit the gnoll.
The gnoll is moderately wounded.
The gnoll hits you with a flail!
You die...

#.## ##### #.# #.## ..#
##...######### #.# #.#
#####.....#......# #.# #.#
##⌠.'..<..######.# #.# #.##
###.#.....# #.# #.# #...
....##...## #.###.###### ####
########## #..........# ######.#
#..##.####.#
##.....#########@.##.# #.#
##'##.......)...g....## #.#
#...##................# #.#
.....###########..###.###.#######
.....# #..# #.....)...... .....#
#..# #####.####### #...##
#..#######.####### ########
#..##.......÷..... ##.....#
###..##.####.######.


You could see a gnoll.

Vanquished Creatures
  A gnoll (D:2)
  2 leopard geckos (D:1)
  A bat (D:1)
  A giant cockroach (D:1)
  3 goblins (D:1)
  2 hobgoblins
  4 kobolds (D:1)
  3 frilled lizards (D:1)
  2 rats (D:1)
19 creatures vanquished.

Notes
Turn   | Place    | Note
-------+----------+-------------------------------------------
     0 | D:1      | qandnotyew the Ghoul Hunter began the quest for the Orb.
     0 | D:1      | Reached XP level 1. HP: 17/17 MP: 0/0
   356 | D:1      | Reached XP level 2. HP: 6/25 MP: 1/1
  1403 | D:2      | Found a hide-covered altar of Uskayaw.
  1416 | D:2      | Reached skill level 1 in Axes
  1416 | D:2      | Reached XP level 3. HP: 6/30 MP: 2/2
  1431 | D:1      | Mangled by a gnoll

Vault maps used:
D:1:      noname_arrival_rooms_in_the_neighbourhood, chequers_big_river,
          hangedman_decor_slide_cut, minmay_distorted
D:2:      gammafunk_temple_overflow_elements, lemuel_doored_altar,
          eat_drink_and_be_merry_uskayaw

Skill      XL: |  1  2 |
---------------+-------+-----
Dodging        | 2 |  2.4
Axes           | 1 |  1.0
Fighting       | |  2.5
Crossbows      | |  3.8
Stealth        | |  1.1

Action                   || total
-------------------------++-------
Melee: Short sword       ||    43
       Hand axe          ||    55
  Use: Scroll            ||     3
 Stab: Sleeping          ||     1
  Eat: Chunk             ||     3
Armor: Leather armour    ||    21
Dodge: Dodged            ||    68
